 Dungeon Crawl Stone Soup version 0.21-a0-529-g8c7b3f5 (webtiles) character file.

140 slep the Chopper (level 5, 0/41 HPs)
             Began as a Barachi Gladiator on Dec 10, 2017.
             Slain by an orc
             ... wielding a +0 flail
              (9 damage)
             ... on level 3 of the Dungeon.
             The game lasted 00:06:27 (1413 turns).

slep the Chopper (Barachi Gladiator)                Turns: 1413, Time: 00:06:28

Health: 0/41       AC:  5    Str: 16    XL:     5   Next: 23%
Magic:  5/5        EV: 13    Int:  8    God:
Gold:   126        SH:  0    Dex: 14    Spells: 4/4 levels left

rFire    + . .     SeeInvis .   a - +0 war axe
rCold    . . .     Gourm    .   (no shield)
rNeg     . . .     Faith    .   b - +0 leather armour
rPois    .         Spirit   .   c - +0 helmet
rElec    .         Reflect  .   s - +0 cloak (curse)
rCorr    .         Harm     .   (no gloves)
MR       .....                  (no boots)
Stlth    +.........             (no amulet)
HPRegen  0.13/turn              w - ring of protection from fire
MPRegen  0.09/turn              (no ring)

@: slow
A: +LOS, swims, slowness 1, strong legs 1
a: Hop


You were on level 3 of the Dungeon.
You were not hungry.

You visited 1 branch of the dungeon, and saw 3 of its levels.

You collected 126 gold pieces.

Inventory:

Hand Weapons
 a - a +0 war axe (weapon)
Missiles
 d - 3 throwing nets (quivered)
Armour
 b - a +0 leather armour (worn)
 c - a +0 helmet (worn)
 s - a cursed +0 cloak (worn)
Jewellery
 m - an uncursed ring of ice
 w - a ring of protection from fire (left hand)
Scrolls
 e - a scroll of enchant weapon {unknown}
 h - a scroll of magic mapping {unknown}
 i - 9 scrolls of identify {unknown}
 k - 2 scrolls of random uselessness {unknown}
 l - 2 scrolls of enchant armour {unknown}
 o - 2 scrolls of blinking {unknown}
 r - a scroll of remove curse {unknown}
 u - a scroll of teleportation {unknown}
 v - a scroll of noise {unknown}
Potions
 j - 2 potions of haste {unknown}
 n - a potion of berserk rage {unknown}
 p - a potion of curing {unknown}
 q - a potion of might {unknown}
 t - a potion of brilliance {unknown}
Comestibles
 f - 2 bread rations
 g - a meat ration


   Skills:
 + Level 3.1 Fighting
 + Level 4.9 Axes
 + Level 2.2 Throwing
 + Level 1.9 Armour
 + Level 3.9 Dodging
 + Level 0.5 Stealth


You had 4 spell levels left.
You didn't know any spells.

Dungeon Overview and Level Annotations

Branches:
Dungeon (3/15)

Altars:
Elyvilon


Innate Abilities, Weirdness & Mutations

Shadows flee at your approach. (+LOS)
You can swim through water.
You cover ground slowly.
You can hop short distances.


Message History

t - a bubbling red potion
i - 9 scrolls labeled DIC GUSHRITYE (gained 1)
w - a shiny silver ring Put on which piece of jewellery? (? for menu, Esc to quit)
w - a ring of protection from fire (left hand)
f - 2 bread rations (gained 1)
A leopard gecko comes into view.
The leopard gecko hisses angrily.
The leopard gecko bites you but does no damage.
You slash the leopard gecko!
You kill the leopard gecko!
An orc comes into view. It is wielding a falchion.
The orc shouts!
You hear a shout!
An orc priest comes into view. It is wielding a dagger.
The orc priest calls down the wrath of Beogh upon you.
Beogh smites you!
* * * LOW HITPOINT WARNING * * *
An orc comes into view. It is wielding a flail.
You hit the orc but do no damage. The orc hits you with a flail!
You die...

#..(...........#
#.......
#..............#
#.......
#..............#
#.......
#..............#
#......#
#..............#
#.####)#
#..............### #
###..
############.....#####.
#....
#...........##....
#@....####......_.
#o....# ####.....
o.oo...o.....# #.....
..######.....# #....#
......# ####.# #.....#
###### #.. #.....#
#....###.# #.....#
#........# #.....#
#....#####


You could see 2 orcs.

Vanquished Creatures
  A gnoll (D:2)
  3 adders
  3 worms
  4 leopard geckos
  5 orcs (D:3)
  A ball python (D:2)
  12 bats
  2 giant cockroaches
  13 goblins
  8 hobgoblins
  6 jackals
  8 kobolds
  A quokka (D:2)
  A frilled lizard (D:2)
  11 rats
79 creatures vanquished.

Notes
Turn   | Place    | Note
-------+----------+-------------------------------------------
     0 | D:1      | slep the Barachi Gladiator began the quest for the Orb.
     0 | D:1      | Reached XP level 1. HP: 17/17 MP: 1/1
    26 | D:1      | Reached XP level 2. HP: 18/23 MP: 2/2
   142 | D:1      | Reached XP level 3. HP: 13/28 MP: 3/3
   306 | D:1      | Reached skill level 4 in Axes
   557 | D:2      | Reached skill level 1 in Armour
   627 | D:2      | Reached XP level 4. HP: 21/35 MP: 4/4
  1240 | D:3      | Found a white marble altar of Elyvilon.
  1250 | D:3      | Reached XP level 5. HP: 38/41 MP: 5/5
  1413 | D:3      | Slain by an orc

Vault maps used:
D:1:      lemuel_arrival_cross, minmay_unequal
D:2:      bh_chokoban, minmay_mini_jars
D:3:      nicolae_overflow_crystal_walls

Skill      XL: |  1  2  3 |
---------------+----------+-----
Axes           | 4 |  4.9
Armour         | 1 |  1.9
Fighting       | 3 |  3.1
Throwing       | |  2.2
Dodging        | |  3.9
Stealth        | |  0.5

Action                   |  1- 3 |  4- 6 || total
-------------------------+-------+-------++-------
Melee: War axe           |   102 |    90 ||   192
 Stab: Distracted        |       |     1 ||     1
       Sleeping          |       |     1 ||     1
  Eat: Chunk             |       |     3 ||     3
Armor: Leather armour    |    37 |    20 ||    57
Dodge: Dodged            |   105 |    89 ||   194

Table legend:
 A = Spawn XP
 B = Non-spawn XP
 C = Spawn XP percentage of total XP
 D = Spawn monster count
 E = Non-spawn monster count
 F = Spawn count percentage of total count
 G = Total turns spent on level
                    A         B        C        D         E        F      G
               +---------+---------+-------+---------+---------+-------+---------
         Total |       0 |     201 |   0.0 |       0 |      79 |   0.0 |  1413
               +---------+---------+-------+---------+---------+-------+---------
           D:1 |       0 |      53 |   0.0 |       0 |      31 |   0.0 |   485
           D:2 |       0 |     104 |   0.0 |       0 |      37 |   0.0 |   729
           D:3 |       0 |      44 |   0.0 |       0 |      11 |   0.0 |   199
               +---------+---------+-------+---------+---------+-------+---------
